 Dungeon Crawl Stone Soup version 0.31.0-11-ge490571c62 (webtiles) character file.

Game seed: 219681697826395638

442 Rassilon the Cudgeller (level 7, -3/44 HPs)
             Began as a Gargoyle Fighter on Feb 1, 2024.
             Slain by thirtiethelement's ghost (4 damage)
             ... on level 3 of the Dungeon.
             The game lasted 00:10:45 (2022 turns).

Rassilon the Cudgeller (Gargoyle Fighter)           Turns: 2022, Time: 00:10:46

Health: -3/44      AC: 16    Str: 21    XL:     7   Next: 2%
Magic:  7/7        EV:  8    Int:  9    God:
Gold:   162        SH:  4    Dex:  9    Spells: 6/6 levels left

rFire   . . .        a - +0 flail
rCold   . . .        c - +0 buckler
rNeg    + . .        m - +1 chain mail {Will+}
rPois   ∞            (no helmet)
rElec   +            (no cloak)
rCorr   .            g - +0 pair of gloves
SInv    .            (no boots)
Will    ++...        (no amulet) Stlth
                     (no ring)
HPRegen 0.27/turn    (no ring)
MPRegen 0.10/turn

%: no passive effects
@: enlightened, flying
A: sickness immunity, AC +4, negative energy resistance 1, electricity
resistance, torment resistance 1, petrification resistance
a: no special abilities


You were on level 3 of the Dungeon.
You visited 1 branch of the dungeon, and saw 3 of its levels.

You collected 162 gold pieces.

Inventory:

Hand Weapons
 a - a +0 flail (weapon)
Armour
 c - a +0 buckler (worn)
 g - a +0 pair of gloves (worn)
 m - a +1 chain mail of willpower (worn)
Jewellery
 e - a ring of wizardry
 n - a +6 ring of intelligence
Wands
 b - a wand of acid (9)
Scrolls
 h - a scroll of fog {unknown}
 i - 2 scrolls of identify {unknown}
 j - a scroll of enchant weapon {unknown}
 o - a scroll of revelation {unknown}
Potions
 d - a potion of might
 k - 2 potions of brilliance


   Skills:
 + Level 4.7 Fighting
 * Level 4.8 Maces & Flails
 + Level 4.7 Armour
 + Level 4.7 Shields


You had 6 spell levels left.
You didn't know any spells.
Your spell library contained the following spells:

 Spells                   Type           Power      Damage    Failure   Level
 Foxfire                  Conj/Fire      0%         2x1d4     97%         1
 Freeze                   Ice            0%         1d3       97%         1
 Sandblast                Erth           0%         2d4       97%         1
 Ensorcelled Hibernation  Hex/Ice        0%         N/A       99%         2
 Frozen Ramparts          Ice            0%         1d1       100%        3
 Hailstorm                Conj/Ice       0%         3d5       100%        3
 Passwall                 Erth           0%         N/A       100%        3
 Swiftness                Air            0%         N/A       100%        3
 Brom's Barrelling Bould  Conj/Erth      0%         2d3       100%        4
 Bombard                  Conj/Erth      0%         9d1       100%        6


Dungeon Overview and Level Annotations

Branches:
Dungeon (3/15)

Altars:
Yredelemnul

Annotations:
D:3 thirtiethelement's ghost, amateur DsSh


Innate Abilities, Weirdness & Mutations

You are immune to sickness and miasma.
Your stone body is resilient. (AC +4)
You are immune to poison.
You resist negative energy. (rN+)
You are resistant to electric shocks. (rElec)
You are resistant to unholy torment.
You are immune to petrification.


Message History

Thirtiethelement's ghost is moderately damaged.
Thirtiethelement's ghost hits you.
* * * LOW HITPOINT WARNING * * *
You closely miss thirtiethelement's ghost.
Thirtiethelement's ghost is moderately damaged.
You block thirtiethelement's ghost's attack.
Thirtiethelement's ghost hits you but does no damage.
You miss thirtiethelement's ghost.
Thirtiethelement's ghost is moderately damaged.
Thirtiethelement's ghost hits you but does no damage.
You feel a little less mighty now. Thirtiethelement's ghost hits you.
* * * LOW HITPOINT WARNING * * *
There is an open translucent gate here.
You closely miss thirtiethelement's ghost.
Thirtiethelement's ghost is moderately damaged.
You block thirtiethelement's ghost's attack.
You completely miss thirtiethelement's ghost.
Thirtiethelement's ghost is moderately damaged.
You block thirtiethelement's ghost's attack.
You completely miss thirtiethelement's ghost.
Thirtiethelement's ghost is moderately damaged.
Thirtiethelement's ghost hits you!
* * * LOW HITPOINT WARNING * * *
You completely miss thirtiethelement's ghost.
Thirtiethelement's ghost is moderately damaged.
Thirtiethelement's ghost says, "I break bones and crack skulls... with my bare hands."
Thirtiethelement's ghost hits you but does no damage.
Aiming: Corrosive Bolt
Press: ? - help, Shift-Dir - straight line, f - thirtiethelement's ghost
Aim: thirtiethelement's ghost (moderately damaged, 24% to hit)
The bolt of acid hits thirtiethelement's ghost!
The acid corrodes thirtiethelement's ghost!
Thirtiethelement's ghost is severely damaged.
Thirtiethelement's ghost hits you.
* * * LOW HITPOINT WARNING * * *
You completely miss thirtiethelement's ghost.
Thirtiethelement's ghost is severely damaged.
Thirtiethelement's ghost hits you.
You die...

#...[..+.(.....#...............
#......###########.............
#........# #.........^...
#........# #............#
#........# ######........#####
######...####.............#
#...#................##
#...#.......#.........#
#######'W@#########...#
#P.......P# #...# #⌠.......⌠#
#...# #P.......P# #####
#$.......$# ##8.....8##
##?P⌠P?## #######


You could see thirtiethelement's ghost (corroded).

Vanquished Creatures
  Sigmund (D:2)
  The ghost of ezpacito the Chopper, an amateur DsBe of Trog (D:3)
  Terence (D:2)
  2 adders
  2 dart slugs
  An orc (D:3)
  11 ball pythons
  11 endoplasms
  6 giant cockroaches
  5 goblins
  5 hobgoblins
  8 jackals
  11 kobolds
  2 quokkas (D:3)
  9 bats
  3 frilled lizards
  10 rats
89 creatures vanquished.

Notes
Turn   | Place    | Note
-------+----------+-------------------------------------------
     0 | D:1      | Rassilon the Gargoyle Fighter began the quest for the Orb.
     0 | D:1      | Reached XP level 1. HP: 14/14 MP: 1/1
     1 | D:1      | Found a runed translucent door.
   161 | D:1      | Reached XP level 2. HP: 19/19 MP: 2/2
   782 | D:1      | Reached XP level 3. HP: 23/23 MP: 3/3
   927 | D:2      | Noticed Sigmund
   945 | D:2      | Killed Sigmund
   946 | D:2      | Reached XP level 4. HP: 26/29 MP: 4/4
   946 | D:2      | Reached XP level 5. HP: 30/33 MP: 5/5
  1088 | D:2      | Reached XP level 6. HP: 38/38 MP: 6/6
  1255 | D:2      | Noticed Terence
  1271 | D:2      | Killed Terence
  1640 | D:3      | Found a basalt altar of Yredelemnul.
  1792 | D:3      | Got the Vademecum on Volatile Topography
  1955 | D:3      | Found a runed translucent gate.
  1956 | D:3      | Found a runed translucent gate.
  1957 | D:3      | Found a runed translucent gate.
  1958 | D:3      | Noticed ezpacito's ghost (amateur DsBe)
  1958 | D:3      | Noticed thirtiethelement's ghost (amateur DsSh)
  1971 | D:3      | Killed ezpacito's ghost
  1972 | D:3      | Reached XP level 7. HP: 33/44 MP: 7/7
  2021 | D:3      | HP: 1/44 [thirtiethelement's ghost (4)]
  2022 | D:3      | Slain by thirtiethelement's ghost

Illustrated notes

Levels and vault maps discovered:
D:1:      dpeg_arrival_caged_fury, layout_basic
D:2:      layout_rooms, serial_bayou_crossing, uniq_sigmund, uniq_terence
D:3:      layout_basic, mainiacjoe_overflow_paths, gammafunk_ghost_cemetery,
          minmay_fractal_squares_diagonal_5

Skill      XL: |  1  2  3 |
---------------+----------+-----
Fighting       | 4 |  4.7
Maces & Flails | 4 |  4.8
Armour         | 4 |  4.7
Shields        | 4 |  4.7

Action                     |  1- 3 |  4- 6 |  7- 9 || total
---------------------------+-------+-------+-------++-------
  Melee: Flail             |   111 |   133 |    46 ||   290
  Evoke: Wand              |       |       |     1 ||     1
    Use: Potion            |     3 |     1 |     3 ||     7
 Armour: Scale mail        |    81 |    15 |       ||    96
         Chain mail        |       |   108 |    41 ||   149
  Dodge: Dodged            |    74 |    75 |     9 ||   158
  Block: Buckler           |    26 |    35 |    10 ||    71
